 Dungeon Crawl Stone Soup version 0.27.1 (webtiles) character file.

Game seed: 16418796284403824177

20 BOMJPIETVODKU the Chiller (level 2, 0/20 HPs)
             Began as a Draconian Ice Elementalist on Aug 25, 2021.
             Slain by a kobold (2 damage)
             ... on level 1 of the Dungeon.
             The game lasted 00:01:52 (677 turns).

BOMJPIETVODKU the Chiller (DrIE)                     Turns: 677, Time: 00:01:53

Health: 0/20       AC:  4    Str: 10    XL:     2   Next: 58%
Magic:  0/5        EV: 12    Int: 15    God:
Gold:   0          SH:  0    Dex: 11    Spells: 4/5 levels left

rFire    . . .     SeeInvis .   a - +0 whip
rCold    . . .     Faith    .   (no shield)
rNeg     . . .     Spirit   .   (armour unavailable)
rPois    .         Reflect  .   (helmet restricted)
rElec    .         Harm     .   (no cloak)
rCorr    .         Rampage  .   (no gloves)
Will     .....                  (no boots)
Stlth    ++........             (no amulet)
HPRegen  0.06/turn              (no ring)
MPRegen  0.09/turn              (no ring)

@: no status effects
A: AC +4, unfitting armour, cold-blooded
a: no special abilities


You were on level 1 of the Dungeon.
You visited 1 branch of the dungeon, and saw 2 of its levels.

Inventory:

Hand Weapons
 a - a +0 whip (weapon)


   Skills:
 * Level 0.3 Fighting
 - Level 1.2 Maces & Flails
 - Level 1.7 Dodging
 - Level 1.9 Stealth
 + Level 2.3 Spellcasting
 + Level 4.1 Ice Magic


You had 4 spell levels left.
You knew the following spells:

 Your Spells              Type           Power      Damage    Failure   Level
a - Freeze                Ice            56%        1d7       4%          1

Your spell library contained the following spells:

 Spells                   Type           Power      Damage    Failure   Level
 Frozen Ramparts          Ice            28%        1d4       12%         3
 Ozocubu's Armour         Ice            14%        N/A       12%         3
 Hailstorm                Conj/Ice       7%         3d4       67%         4


Dungeon Overview and Level Annotations

Branches:
Dungeon (2/15)

Altars:


Innate Abilities, Weirdness & Mutations

Your plain brown scales are hard. (AC +4)
You cannot fit into any form of body armour.
You are cold-blooded and may be slowed by cold attacks.


Message History

The hobgoblin hits you but does no damage.
Aiming: Freeze (safe; 4% risk of failure)
Press: ? - help, Q - select action Shift-Dir - straight line, f - hobgoblin, p - kobold
Aim: a hobgoblin You freeze the hobgoblin.
The hobgoblin is moderately wounded.
The hobgoblin barely misses you.
You barely miss the hobgoblin.
The hobgoblin is moderately wounded.
The hobgoblin hits you.
* * * LOW HITPOINT WARNING * * *
The hobgoblin misses you.
Aiming: Freeze (safe; 4% risk of failure)
Press: ? - help, Q - select action Shift-Dir - straight line, f/p - hobgoblin
Aim: a hobgoblin (moderately wounded)
You freeze the hobgoblin.
You kill the hobgoblin!
Aiming: Freeze (safe; 4% risk of failure)
Press: ? - help, Q - select action Shift-Dir - straight line, f - kobold
Aim: a kobold, wielding a +0 short sword and quivering stones You freeze the kobold.
The kobold is moderately wounded.
The kobold closely misses you.
You don't have enough magic to cast this spell.
You don't have enough magic to cast this spell.
You hit the kobold.
The kobold is severely wounded.
The kobold hits you with a +0 short sword.
* * * LOW HITPOINT WARNING * * *
You hit the kobold but do no damage.
The kobold is severely wounded.
The kobold misses you.
You barely miss the kobold.
The kobold is severely wounded.
The kobold hits you with a +0 short sword.
* * * LOW HITPOINT WARNING * * *
You closely miss the kobold.
The kobold is severely wounded.
The kobold hits you with a +0 short sword.
You die...

##################
.................###
......##......##.#.#
......#.......##@#.#
......#.......##K#.#####
......#.###.####.......#
....)..>...............#
..##...................#
..###############..##..#
..# #...<...##......##
.## #8.....8###......#
.########.....##
#####..#


You could see a kobold.

Vanquished Creatures
  A gnoll (D:2)
  An endoplasm (D:1)
  3 goblins
  A hobgoblin (D:1)
  A ball python (D:1)
  3 kobolds
10 creatures vanquished.

Notes
Turn   | Place    | Note
-------+----------+-------------------------------------------
     0 | D:1      | BOMJPIETVODKU the Draconian Ice Elementalist began the
                  | quest for the Orb.
     0 | D:1      | Reached XP level 1. HP: 14/14 MP: 3/3
   338 | D:2      | Reached skill level 1 in Maces & Flails
   338 | D:2      | Reached XP level 2. HP: 7/20 MP: 0/5
   677 | D:1      | Slain by a kobold

Illustrated notes

Levels and vault maps discovered:
D:1:      elethiomel_arrival_quiet, layout_basic,
          hellmonk_ecumenical_altar_leap_of_faith
D:2:      layout_loops_ring, serial_shops, shop, grunt_ministairs_5,
          uniq_sigmund

Skill      XL: |  1 |
---------------+----+-----
Maces & Flails | 1 |  1.2
Fighting       | |  0.3
Dodging        | |  1.7
Stealth        | |  1.9
Spellcasting   | |  2.3
Ice Magic      | |  4.1

Action                   || total
-------------------------++-------
Melee: Unarmed           ||     5
       Tailslap          ||     2
       Whip              ||    12
 Cast: Freeze            ||    18
Armor: Skin              ||    10
Dodge: Dodged            ||    22
